 Dungeon Crawl Stone Soup version 0.27-a0-679-g77a6b55cf3 (webtiles) character file.

Game seed: 265044895930524105

296 jestyr24 the Shield-Bearer (level 6, -2/52 HPs)
             Began as a Minotaur Fighter on Mar 19, 2021.
             Slain by an ogre
             ... wielding a +0 giant club
              (9 damage)
             ... on level 4 of the Dungeon.
             The game lasted 00:11:03 (3450 turns).

jestyr24 the Shield-Bearer (Minotaur Fighter)       Turns: 3450, Time: 00:11:04

Health: -2/52      AC:  8    Str: 22    XL:     6   Next: 12%
Magic:  5/5        EV:  6    Int:  5    God:
Gold:   66         SH: 15    Dex: 10    Spells: 5/5 levels left

rFire    . . .     SeeInvis .   a - +0 long sword
rCold    . . .     Faith    .   r - +0 tower shield
rNeg     . . .     Spirit   .   b - +0 scale mail
rPois    .         Reflect  .   (helmet restricted)
rElec    .         Harm     .   m - +0 cloak
rCorr    .         Rampage  .   (no gloves)
Will     .....                  (no boots)
Stlth    ..........             (no amulet)
HPRegen  0.17/turn              (no ring)
MPRegen  0.09/turn              (no ring)

@: no status effects
A: horns 2, retaliatory headbutt
a: no special abilities


You were on level 4 of the Dungeon.
You visited 1 branch of the dungeon, and saw 4 of its levels.

You collected 66 gold pieces.

Inventory:

Hand Weapons
 a - a +0 long sword (weapon)
 w - a +0 long sword
Missiles
 k - 28 poisoned darts (quivered)
 q - a throwing net
Armour
 b - a +0 scale mail (worn)
 c - a +0 kite shield
 m - a +0 cloak (worn)
 r - a +0 tower shield (worn)
Jewellery
 j - a +4 ring of protection
 s - a ring of resist corrosion
Wands
 y - a wand of paralysis (11)
Scrolls
 e - a scroll of immolation {unknown}
 f - a scroll of enchant armour {unknown}
 i - 7 scrolls of identify {unknown}
 n - 2 scrolls of teleportation {unknown}
 t - a scroll of enchant weapon {unknown}
 u - 2 scrolls of amnesia {unknown}
 x - a scroll of fog {unknown}
Potions
 d - a potion of might
 g - a potion of attraction {unknown}
 h - a potion of flight
 l - a potion of ambrosia {unknown}
 o - 2 potions of heal wounds {unknown}
 p - a potion of haste {unknown}
 v - a potion of brilliance {unknown}
 z - a potion of magic {unknown}


   Skills:
 + Level 4.2 Fighting
 + Level 4.3 Long Blades
 + Level 5.3 Armour
 + Level 0.8 Dodging
 + Level 5.7 Shields


You had 5 spell levels left.
You didn't know any spells.
Your spell library contained the following spells:

 Spells                   Type           Power      Damage    Failure   Level
 Confusing Touch          Hex            0%         N/A       100%        3
 Gell's Gravitas          Tloc           0%         N/A       100%        3
 Petrify                  Tmut/Erth      0%         N/A       100%        4
 Metabolic Englaciation   Hex/Ice        0%         N/A       100%        5
 Yara's Violent Unravell  Hex/Tmut       0%         3d3       100%        5


Dungeon Overview and Level Annotations

Branches:
Dungeon (4/15)
 Temple: D:4-7

Altars:
Dithmenos
Makhleb
Sif Muna

Shops:
D:1 (:


Innate Abilities, Weirdness & Mutations

You have a pair of horns on your head.
You reflexively headbutt those who attack you in melee.


Message History

Your experience leads to an increase in your attributes!
Increase (S)trength, (I)ntelligence, or (D)exterity?
You feel stronger.
You slash the bullfrog skeleton!
The bullfrog skeleton is almost destroyed.
The bullfrog skeleton hits you but does no damage.
You block the bullfrog skeleton's attack.
You slash the bullfrog skeleton!
You destroy the bullfrog skeleton!
You start resting.
HP restored.
You see here an iguana corpse.
i - 7 scrolls labelled BYL WUPLIARUVE (gained 1)
An ogre comes into view. It is wielding a +0 giant club.
The ogre shouts!
Found 6 gold pieces.
A worker ant comes into view.
You barely miss the ogre. The ogre hits you with a +0 giant club!
An orc comes into view. It is wielding a +0 hand axe.
You block the ogre's attack.
The orc shouts!
You slash the ogre!
The ogre is moderately wounded.
The ogre hits you with a +0 giant club! You block the worker ant's attack.
The orc drinks a potion.
The orc flickers and vanishes!
Deactivating autopickup; reactivate with Ctrl-A.
You barely miss the ogre.
The ogre is moderately wounded.
You block the worker ant's attack. The ogre hits you but does no damage.
You block the worker ant's attack. You block the ogre's attack.
You hit the ogre.
The ogre is heavily wounded.
The worker ant bites you. The ogre hits you with a +0 giant club!
You block the worker ant's attack.
You barely miss the ogre.
The ogre is heavily wounded.
The ogre hits you with a +0 giant club!
* * * LOW HITPOINT WARNING * * *
You block the worker ant's attack. The ogre hits you with a +0 giant club!
You die...

#..#...#†#
#........#
#........#
###........#
#....#...###
#######.#..#...#
...........##.##
..####.#####.#
#@# #.#
......BO# #.#
#..###..# #.#
#.$# #.# .... .#
##..# #..# #..#


You could see an ogre and a worker ant.

Vanquished Creatures
  A hound (D:3)
  Jessica (D:2)
  A bullfrog skeleton (D:4)
  An iguana (D:4)
  2 orc wizards
  4 adders
  2 worms
  4 dart slugs
  6 leopard geckos
  7 orcs
  A ball python (D:3)
  A giant cockroach (D:2)
  9 goblins
  6 hobgoblins
  4 jackals (D:2)
  2 quokkas
  8 bats
  5 frilled lizards
  12 kobolds
  4 rats
81 creatures vanquished.

Notes
Turn   | Place    | Note
-------+----------+-------------------------------------------
     0 | D:1      | jestyr24 the Minotaur Fighter began the quest for the Orb.
     0 | D:1      | Reached XP level 1. HP: 19/19 MP: 0/0
    23 | D:1      | Found Cuapijis's Book Shoppe.
   272 | D:1      | Reached XP level 2. HP: 25/26 MP: 1/1
   518 | D:1      | Found Pamelitt's Antique Weapon Shoppe.
   958 | D:2      | Noticed Jessica
   967 | D:2      | Reached XP level 3. HP: 33/33 MP: 2/2
   967 | D:2      | Killed Jessica
  1019 | D:2      | Reached XP level 4. HP: 40/40 MP: 3/3
  2022 | D:3      | Found a shimmering blue altar of Sif Muna.
  2022 | D:3      | Found a shadowy altar of Dithmenos.
  2474 | D:3      | Reached skill level 5 in Armour
  2485 | D:3      | Reached skill level 5 in Shields
  2485 | D:3      | Reached XP level 5. HP: 40/46 MP: 4/4
  2530 | D:3      | Found a burning altar of Makhleb.
  3328 | D:4      | Reached XP level 6. HP: 34/52 MP: 5/5
  3450 | D:4      | Slain by an ogre

Illustrated notes

Levels and vault maps discovered:
D:1:      amcnicky_arrival_single_pillar, layout_basic, serial_shops,
          nicolae_shop_trees, nicolae_shop_behind_doors
D:2:      layout_basic, uniq_jessica
D:3:      layout_loops_ring, makhleb_blood_cavern_becter,
          gammafunk_temple_overflow_elements
D:4:      layout_loops_ring, pdpol_temple_overflow_zin_treasury_gozag_greed,
          temple_green

Skill      XL: |  1  2  3  4  5 |
---------------+----------------+-----
Armour         | 4 5 |  5.3
Shields        | 4 5 |  5.7
Long Blades    | 3 4 |  4.3
Fighting       | 4 |  4.2
Dodging        | |  0.8

Action                   |  1- 3 |  4- 6 || total
-------------------------+-------+-------++-------
Melee: Long sword        |    49 |   157 ||   206
       Headbutt          |     5 |    19 ||    24
  Use: Potion            |       |     2 ||     2
Armor: Scale mail        |    25 |    76 ||   101
Dodge: Dodged            |    19 |    25 ||    44
Block: Kite shield       |    27 |    17 ||    44
       Tower shield      |       |   119 ||   119
       Rpst.: Long sword |     9 |    10 ||    19

Table legend: (Time is in decaauts)
 A = Elapsed time spent in this place.
 B = Non-inter-level travel time spent in this place.
 C = Inter-level travel time spent in this place.
 D = Time resting spent in this place.
 E = Time spent auto-exploring this place.
 F = Levels seen in this place.
 G = Mean time per level.
                   A        B        C        D        E       F      G
               +--------+--------+--------+--------+--------+-----+--------+
         Total |   3564 |   3454 |    110 |    855 |   1740 |   4 |  891.0 |
       Dungeon |   3564 |   3454 |    110 |    855 |   1740 |   4 |  891.0 |
               +--------+--------+--------+--------+--------+-----+--------+

Top non-repeatable levels by time:
     D:3: 1218 daAuts
     D:2: 1134 daAuts
     D:1: 896 daAuts
     D:4: 314 daAuts
